 Dungeon Crawl Stone Soup version 0.29-a0-344-ge2f44be95a (webtiles) character file.

Game seed: 258554620980460303

23811 Dauddaud the Severer (level 12, -8/110 HPs)
             Began as a Minotaur Berserker on Apr 21, 2022.
             Was an Elder of Trog.
             Shot with an arrow by a centaur warrior (21 damage)
             ... on level 14 of the Dungeon on Apr 22, 2022.
             The game lasted 00:27:57 (16397 turns).

Dauddaud the Severer (Minotaur Berserker)          Turns: 16397, Time: 00:28:02

Health: -8/110     AC: 20    Str: 27    XL:     12   Next: 75%
Magic:  11/11      EV: 11    Int:  4    God:    Trog [****..]
Gold:   733        SH:  0    Dex: 16    Spells: 11/11 levels left

rFire   . . .      SeeInvis .   r - +8 mithril axe "Arga" {speed, Will+}
rCold   . . .      Faith    +   (no shield)
rNeg    . . .      Spirit   .   I - +0 plate armour
rPois   +          Reflect  .   J - +2 hat
rElec   .          Harm     .   z - +0 cloak
rCorr   .          Rampage  .   m - +0 pair of gloves
Will    +++..                   (no boots)
Stlth   ..........              R - amulet of faith
HPRegen 1.28/turn               K - +6 ring of dexterity
MPRegen 0.12/turn               w - ring of poison resistance

@: strong-willed, on berserk cooldown, regenerating, slowed, very slow
A: horns 2, retaliatory headbutt
a: Renounce Religion, Berserk, Trog's Hand, Brothers in Arms


You were on level 14 of the Dungeon.
You worshipped Trog.
Trog was greatly pleased with you.
You visited 1 branch of the dungeon, and saw 14 of its levels.

You collected 733 gold pieces.

Inventory:

Hand Weapons
 a - a +0 hand axe
 r - the +8 mithril axe "Arga" (weapon) {speed, Will+}
   (You found it on level 3 of the Dungeon)

   Attacks with this weapon are significantly faster.
   Will:      It increases your willpower.
 B - a +2 battleaxe
 Q - a +2 executioner's axe
Missiles
 g - 3 throwing nets (quivered)
Armour
 b - a +0 animal skin
 d - a +0 ring mail
 m - a +0 pair of gloves (worn)
 z - a +0 cloak (worn)
 I - a +0 plate armour (worn)
 J - a +2 hat (worn)
Jewellery
 j - a ring of flight
 w - a ring of poison resistance (right hand)
 K - a +6 ring of dexterity (left hand)
 R - an amulet of faith (around neck)
 U - a ring of magical power
Wands
 n - a wand of mindburst (21)
 F - a wand of acid (8)
 G - a wand of flame (27)
 H - a wand of iceblast (5)
Scrolls
 c - a scroll of enchant armour {unknown}
 i - 4 scrolls of teleportation
 k - 2 scrolls of vulnerability
 o - 5 scrolls of amnesia
 p - 2 scrolls of fear
 q - a scroll of enchant weapon
 y - a scroll of acquirement
 C - 6 scrolls of fog
 D - a scroll of immolation {unknown}
 N - a scroll of holy word {unknown}
 P - a scroll of summoning
 V - a scroll of identify
Potions
 e - 3 potions of mutation {unknown}
 h - 3 potions of berserk rage {unknown}
 l - 2 potions of attraction {unknown}
 s - 5 potions of curing
 t - 4 potions of lignification {unknown}
 u - 2 potions of might
 v - a potion of cancellation {unknown}
 x - 2 potions of flight {unknown}
 A - a potion of experience {unknown}
 E - a potion of brilliance {unknown}
 L - a potion of haste {unknown}
 M - a potion of magic {unknown}
 S - a potion of resistance
 T - a potion of ambrosia
Miscellaneous
 O - a box of beasts


   Skills:
 * Level 11.5 Fighting
 - Level 18.0 Axes
 * Level 11.1 Armour
 + Level 7.3 Dodging
 + Level 5.6 Evocations


You had 11 spell levels left.
You didn't know any spells.
Your spell library was empty.

Dungeon Overview and Level Annotations

Branches:
Dungeon (14/15)            Temple (0/1) D:4            Lair (0/6) D:9
    Orc (0/2) D:9          Vaults (0/5) D:13

Altars:
Nemelex Xobeh

Shops:
D:12 [

Annotations:
D:14 Louise, Nessos


Innate Abilities, Weirdness & Mutations

You have a pair of horns on your head.
You reflexively headbutt those who attack you in melee.


Message History

Your skin crawls.
You feel strong-willed. Trog will no longer gift you weapons.
The centaur shoots an arrow.
The arrow hits you but does no damage.
The centaur shoots an arrow.
The arrow hits you but does no damage.
The centaur shoots an arrow.
The arrow hits you.
The centaur shoots an arrow.
The arrow hits you but does no damage.
The centaur shoots an arrow.
The arrow hits you but does no damage.
The centaur shoots an arrow.
The arrow misses you.
Louise casts a spell.
Louise blinks!
A centaur comes into view.
The centaur shoots an arrow.
The arrow hits you but does no damage.
The centaur warrior wields a +0 shortbow.
The centaur warrior shoots an arrow.
The arrow hits you!
* * * LOW HITPOINT WARNING * * *
The centaur shoots an arrow.
The arrow hits you.
* * * LOW HITPOINT WARNING * * *
The centaur shoots an arrow.
The arrow hits you but does no damage.
The centaur warrior shoots an arrow.
The arrow hits you but does no damage.
The centaur wields a +0 shortbow.
The centaur shoots an arrow.
The arrow hits you but does no damage.
The centaur shoots an arrow.
The arrow barely misses you.
The centaur shoots an arrow.
The arrow hits you.
* * * LOW HITPOINT WARNING * * *
The centaur warrior shoots an arrow.
The arrow hits you.
* * * LOW HITPOINT WARNING * * *
You feel better.
The centaur shoots an arrow.
The arrow closely misses you.
The centaur shoots an arrow.
The arrow closely misses you.
The centaur shoots an arrow.
The arrow hits you.
* * * LOW HITPOINT WARNING * * *
A centaur comes into view.
The centaur warrior shoots an arrow.
The arrow hits you!
* * * LOW HITPOINT WARNING * * *
The centaur shoots an arrow.
The arrow hits you but does no damage.
The centaur shoots an arrow.
The arrow barely misses you.
The centaur shoots an arrow.
The arrow hits you.
* * * LOW HITPOINT WARNING * * *
The centaur shoots an arrow.
The arrow closely misses you.
The centaur warrior shoots an arrow.
The arrow hits you!!
You die...

#############
##....$#c....## ####
##......cc..../##
.....#.......c.......#..
#.$<@.....c........c.
###.......c.......##.
...................#
..###.@.............cc
#..................
##.............#...
#..###
##.....#.....##...
#..... ############# >..
##.....


You could see Louise, a centaur warrior and 5 centaurs.

Vanquished Creatures
  Kirke (D:12)
  Gastronok (D:10)
  Snorg (D:10)
  A centaur warrior (D:13)
  3 two-headed ogres
  A sixfirhy (D:7)
  A necromancer (D:13)
  An ugly thing (D:12)
  4 cyclopes
  2 gargoyles
  A kobold demonologist (D:13)
  An unseen horror (D:10)
  A komodo dragon (D:12)
  3 trolls
  A queen bee (D:14)
  2 meliai (D:14)
  Prince Ribbit (D:6)
  Grinder (D:3)
  15 slime creatures
  Sigmund (D:2)
  A vampire (D:11)
  A wraith (D:5)
  A wyvern (D:8)
  A basilisk (D:14)
  8 yaks
  A human (shapeshifter) (D:13)
  A steam dragon (D:7)
  3 hogs (D:12)
  7 vampire mosquitoes
  2 wargs (D:9)
  A water moccasin (D:6)
  3 ice beasts
  4 orc warriors
  A black bear (D:6)
  2 ogres (D:9)
  5 centaurs
  5 kobold brigands
  2 phantoms
  4 bullfrogs
  2 gnoll sergeants
  A necrophage (D:4)
  5 scorpions
  5 wights (D:8)
  28 killer bees
  6 howler monkeys
  6 orc priests
  4 hounds
  3 gnoll shamans
  Crazy Yiuf (D:5)
  4 jellies
  An iguana (D:7)
  5 orc wizards
  Robin (D:3)
  28 gnolls
  5 adders
  3 white imps (D:5)
  A worm zombie (D:7)
  A worm (D:4)
  34 orcs
  10 bats
  5 endoplasms
  4 giant cockroaches
  13 hobgoblins
  6 jackals
  25 kobolds
  A quokka (D:1)
  3 ball pythons
  3 frilled lizards
  7 goblins
  A jackal zombie (D:7)
  An orc zombie (D:7)
  4 rats (D:1)
  A rat zombie (D:7)
324 creatures vanquished.

Vanquished Creatures (collateral kills)
  A killer bee (D:14)
1 creature vanquished.

Vanquished Creatures (others)
  8 plants
8 creatures vanquished.

Grand Total: 333 creatures vanquished

Notes
Turn   | Place    | Note
-------+----------+-------------------------------------------
     0 | D:1      | Dauddaud the Minotaur Berserker began the quest for the
                  | Orb.
     0 | D:1      | Reached XP level 1. HP: 19/19 MP: 0/0
   169 | D:1      | Reached skill level 4 in Axes
   275 | D:1      | Reached XP level 2. HP: 26/26 MP: 1/1
   495 | D:1      | Reached skill level 5 in Axes
   616 | D:1      | Reached XP level 3. HP: 26/31 MP: 2/2
   856 | D:2      | Reached ** piety under Trog
   933 | D:2      | Found a faded altar of an unknown god.
  1321 | D:2      | Noticed Sigmund
  1338 | D:2      | Killed Sigmund
  1339 | D:2      | Reached skill level 7 in Axes
  1339 | D:2      | Reached XP level 4. HP: 19/39 MP: 3/3
  1339 | D:2      | Reached XP level 5. HP: 22/45 MP: 4/4
  2418 | D:3      | Noticed Robin
  2421 | D:3      | Noticed Grinder
  2426 | D:3      | Killed Robin
  2430 | D:3      | Paralysed by Grinder for 2 turns
  2434 | D:3      | Reached skill level 8 in Axes
  2437 | D:3      | Killed Grinder
  2438 | D:3      | Reached skill level 9 in Axes
  2438 | D:3      | Reached XP level 6. HP: 6/51 MP: 5/5
  3004 | D:3      | Found the +8 mithril axe "Arga" {speed, Will+}
  3304 | D:4      | Reached XP level 7. HP: 53/57 MP: 6/6
  3307 | D:4      | Found a sparkling altar of Nemelex Xobeh.
  3517 | D:4      | Reached skill level 10 in Axes
  3673 | D:4      | Found a staircase to the Ecumenical Temple.
  3723 | D:5      | Entered Level 5 of the Dungeon
  3728 | D:5      | Reached *** piety under Trog
  3854 | D:5      | Reached skill level 11 in Axes
  4064 | D:5      | Noticed a wraith
  4069 | D:5      | Killed a wraith
  4070 | D:5      | Reached XP level 8. HP: 64/64 MP: 7/7
  4099 | D:5      | Reached skill level 12 in Axes
  4620 | D:5      | Found a runed translucent door.
  4621 | D:5      | Noticed Crazy Yiuf
  4768 | D:5      | Killed Crazy Yiuf
  5034 | D:6      | Reached skill level 13 in Axes
  5039 | D:6      | Noticed a troll
  5053 | D:6      | Killed a troll
  5375 | D:6      | Reached skill level 14 in Axes
  5801 | D:6      | Reached XP level 9. HP: 69/70 MP: 8/8
  6072 | D:6      | Noticed Prince Ribbit
  6082 | D:6      | Killed Prince Ribbit
  6083 | D:6      | Reached skill level 15 in Axes
  6169 | D:7      | Identified a scroll of acquirement
  6373 | D:7      | Reached skill level 16 in Axes
  6373 | D:7      | Noticed a sixfirhy
  6374 | D:7      | Reached **** piety under Trog
  6375 | D:7      | Found a runed translucent door.
  7221 | D:7      | Killed a sixfirhy
  7379 | D:8      | Reached skill level 17 in Axes
  7382 | D:8      | Reached XP level 10. HP: 77/77 MP: 9/9
  8391 | D:9      | Reached skill level 18 in Axes
  8491 | D:9      | Found a staircase to the Lair.
  8511 | D:9      | Reached skill level 1 in Evocations
  8868 | D:9      | Found a staircase to the Orcish Mines.
  8875 | D:9      | Reached skill level 5 in Fighting
  8911 | D:9      | Reached ***** piety under Trog
  8925 | D:9      | HP: 6/121 [orc warrior/+0 glaive (15)]
  9889 | D:10     | Entered Level 10 of the Dungeon
  9973 | D:10     | Reached skill level 5 in Armour
  9981 | D:10     | Noticed Gastronok
  9998 | D:10     | Killed Gastronok
  9999 | D:10     | Reached XP level 11. HP: 89/91 MP: 10/10
 10208 | D:10     | Noticed a two-headed ogre
 10218 | D:10     | Killed a two-headed ogre
 10232 | D:10     | Noticed Snorg
 10242 | D:10     | Killed Snorg
 10827 | D:10     | Noticed a two-headed ogre
 10835 | D:10     | Killed a two-headed ogre
 11244 | D:11     | Reached skill level 5 in Dodging
 11254 | D:11     | Received a gift from Trog
 11454 | D:11     | Noticed a two-headed ogre
 11463 | D:11     | Killed a two-headed ogre
 12922 | D:12     | Noticed Kirke
 12936 | D:12     | Killed Kirke
 12937 | D:12     | Reached XP level 12. HP: 72/105 MP: 11/11
 13127 | D:12     | Found Wuifappu's Armour Emporium.
 14317 | D:13     | Reached skill level 10 in Fighting
 14319 | D:13     | Noticed a centaur warrior
 14334 | D:13     | Killed a centaur warrior
 14494 | D:13     | Reached skill level 10 in Armour
 14644 | D:13     | Found a gate to the Vaults.
 14651 | D:13     | Reached skill level 5 in Evocations
 16335 | D:14     | Noticed Nessos
 16382 | D:14     | Noticed Louise
 16393 | D:14     | Noticed a centaur warrior
 16397 | D:14     | Shot with an arrow by a centaur warrior

Illustrated notes

Levels and vault maps discovered:
D:1:      dpeg_arrival_simpleton_b, layout_rooms, minivault_24
D:2:      layout_basic, nicolae_ecumenical_lake_church, minmay_misc_feat_five,
          nrook_mini_vaults, uniq_sigmund
D:3:      layout_loops_cross, uniq_grinder, uniq_robin
D:4:      layout_basic, mainiacjoe_overflow_cross_hatched,
          minmay_temple_entry_purple_smoke, minmay_misc_feat_four_crosses
D:5:      layout_basic, nicolae_sextant, uniq_crazy_yiuf_cottage
D:6:      layout_cave_pools, uniq_prince_ribbit1
D:7:      cheibrodos_shockbox, layout_loops_ring, enter_ossuary_3, minivault_25
D:8:      layout_loops_ring, nicolae_straight_to_the_point
D:9:      layout_small_grid, erik_lair_orcish_takeover, erik_orc_3
D:10:     layout_rooms, abandoned_shop, serial_bayou_pond_c, amethyst_killhole,
          kennysheep_boxes, uniq_snorg, uniq_gastronok
D:11:     lemuel_ice_spiral_2, layout_basic
D:12:     layout_layer_cave, serial_shops, shop, uniq_kirke
D:13:     layout_basic, david_vaults_1
D:14:     layout_rooms, nicolae_lava_and_water, minivault_7, uniq_nessos,
          uniq_louise

Skill      XL: |  1  2  3  4  5  6  7  8  9 10 11 12 |
---------------+-------------------------------------+-----
Axes           | 4 5 7 9 11 14 17 18 | 18.0
Fighting       | 6 9 11 | 11.5
Armour         | 6 9 11 | 11.1
Evocations     | 2 4 5 |  5.6
Dodging        | 4 6 7 |  7.3

Action                   |  1- 3 |  4- 6 |  7- 9 | 10-12 || total
-------------------------+-------+-------+-------+-------++-------
Melee: Hand axe          |   101 |    57 |       |       ||   158
       Headbutt          |     9 |    10 |    26 |    74 ||   119
       Punch             |     1 |     2 |     3 |     2 ||     8
       Broad axe         |       |    12 |   174 |   429 ||   615
Invok: Berserk           |     1 |     1 |     4 |     4 ||    10
       Trog's Hand       |       |       |     1 |     5 ||     6
       Brothers in Arms  |       |       |       |     2 ||     2
Evoke: Wand              |       |       |    10 |       ||    10
  Use: Scroll            |       |       |     5 |     7 ||    12
       Potion            |       |       |     1 |     8 ||     9
Armor: Animal skin       |     6 |       |       |       ||     6
       Ring mail         |    19 |    16 |    41 |    29 ||   105
       Plate armour      |       |       |       |   127 ||   127
Dodge: Dodged            |    63 |    29 |    66 |   158 ||   316

Table legend: (Time is in decaauts)
 A = Elapsed time spent in this place.
 B = Non-inter-level travel time spent in this place.
 C = Inter-level travel time spent in this place.
 D = Time resting spent in this place.
 E = Time spent auto-exploring this place.
 F = Levels seen in this place.
 G = Mean time per level.
                   A        B        C        D        E       F      G
               +--------+--------+--------+--------+--------+-----+--------+
         Total |  16191 |  15759 |    432 |   4843 |   9213 |  14 | 1156.5 |
       Dungeon |  16191 |  15759 |    432 |   4843 |   9213 |  14 | 1156.5 |
               +--------+--------+--------+--------+--------+-----+--------+

Top non-repeatable levels by time:
    D:12: 1867 daAuts
    D:13: 1810 daAuts
     D:2: 1587 daAuts
     D:9: 1463 daAuts
    D:11: 1304 daAuts
     D:6: 1224 daAuts
     D:7: 1195 daAuts
     D:5: 1193 daAuts
    D:10: 1068 daAuts
     D:8: 985 daAuts
     D:1: 856 daAuts
     D:3: 773 daAuts
     D:4: 528 daAuts
    D:14: 333 daAuts
